 Dungeon Crawl Stone Soup version 0.17.0-9-g801d43b (webtiles) character file.

504 tp1 the Magician (level 6, -4/32 HPs)
             Began as a Deep Elf Conjurer on Nov 9, 2015.
             Was an Initiate of Vehumet.
             Slain by Duvessa
             ... wielding a +0 rapier
              (9 damage)
             ... on level 4 of the Dungeon.
             The game lasted 00:18:19 (2678 turns).

tp1 the Magician (Deep Elf Conjurer)                Turns: 2678, Time: 00:18:20

Health: -4/32      AC:  4    Str:  9    XL:     6   Next: 96%
Magic:  1/17       EV: 13    Int: 22    God:    Vehumet [......]
Gold:   112        SH:  0    Dex: 15    Spells: 3 memorised, 9 levels left

rFire  . . .     SeeInvis .     x - +1 dagger (venom)
rCold  . . .     Clarity  .     a - +1 robe
rNeg   . . .     SustAt   .     (no shield)
rPois  .         Gourm    .     (no helmet)
rElec  .         Spirit   .     (no cloak)
rCorr  .         Warding  .     (no gloves)
rMut   .         Stasis   .     t - +0 pair of boots
MR     .....                    (no amulet)
Stlth  ++........               (no ring)
                                o - +4 ring of strength

@: lethally poisoned (-4 -> -15), very slightly contaminated, not resistant to
hostile enchantments, unstealthy
A: no striking features
a: Renounce Religion


You were on level 4 of the Dungeon.
You worshipped Vehumet.
Vehumet was noncommittal.
You were very hungry.

You visited 1 branch of the dungeon, and saw 4 of its levels.

You collected 112 gold pieces.

Inventory:

Hand Weapons
 h - a -2 dagger
 k - a +0 whip of pain
 x - a +1 dagger of venom (weapon)
Armour
 a - a +1 robe (worn)
 g - a +0 shield
 t - a +0 pair of boots (worn)
Jewellery
 o - a +4 ring of strength (left hand)
Wands
 d - a wand of enslavement (0)
 y - a wand of magic darts (23)
Scrolls
 e - 3 scrolls of amnesia {unknown}
 i - a scroll of recharging {unknown}
 j - a scroll of noise {unknown}
 n - a scroll of magic mapping {unknown}
 q - 5 scrolls of teleportation {unknown}
 s - 3 scrolls of remove curse
 v - 3 scrolls of identify {unknown}
Potions
 f - a potion of might {unknown}
 m - a potion of poison
 u - a potion of agility {unknown}
 z - a potion of degeneration {unknown}
Books
 b - a book of Conjurations

   Spells                             Type                      Level
   a - Magic Dart                     Conjuration                  1
   b - Searing Ray                    Conjuration                  2
   c - Dazzling Spray                 Conjuration/Hexes            3
   d - Fulminant Prism                Conjuration/Hexes            4
   e - Iskenderun's Mystic Blast      Conjuration                  4
   f - Iskenderun's Battlesphere      Conjuration/Charms           5
Comestibles
 c - 3 bread rations
 l - 2 meat rations
 r - 2 beef jerkies
 w - a slice of pizza


   Skills:
 - Level 2.4 Dodging
 - Level 2.4 Stealth
 + Level 6.3 Spellcasting
 - Level 6.0 Conjurations
 - Level 6.3 Charms


You had 9 spell levels left.
You knew the following spells:

 Your Spells              Type           Power        Failure   Level  Hunger
a - Magic Dart            Conj           ####         1%          1    None
b - Searing Ray           Conj           ####..       1%          2    None
d - Iskenderun's Battles  Conj/Chrm      ####....     21%         5    #####..


Dungeon Overview and Level Annotations

Branches:
Dungeon (4/15)
 Temple: D:4-7

Altars:
Makhleb
Vehumet

Annotations:
D:4 Dowan, Duvessa, Grinder


Message History

Okay, then.
You hit Duvessa but do no damage.
Duvessa is poisoned.
Duvessa is heavily wounded.
Duvessa closely misses you. Duvessa barely misses you.
Dowan hits you but does no damage.
You hit Dowan but do no damage.
Dowan is poisoned.
Dowan is heavily wounded.
Duvessa hits you with a rapier!
* * * LOW HITPOINT WARNING * * *
Dowan gestures wildly while chanting.
Dowan blinks!
Duvessa barely misses you.
Drink which item? (? for menu, Esc to quit)
It was a potion of poison.
That liquid tasted very nasty...
You are lethally poisoned!
* * * LOW HITPOINT WARNING * * *
You feel sick.
Duvessa says, "Where magic fails, the sword succeeds!"
Duvessa hits you with a rapier!
You die...

#.# #e#
#.# #.#
#.# ###
#.# #<#
#ยง#
##.#####@#
#..#..*e.#
#.....####
#.....#
#.....#
#.(...#
#....##
######


You could see Duvessa and Dowan.

Vanquished Creatures
  Sigmund (D:2)
  A giant frog (D:3)
  Ijyb (D:2)
  A hound (D:3)
  Terence (D:2)
  Natasha (D:1)
  2 orc wizards (D:4)
  4 adders
  A worm (D:3)
  2 giant geckos
  3 orcs
  6 giant cockroaches
  6 goblins
  6 hobgoblins
  13 jackals
  11 kobolds
  A quokka (D:2)
  A ball python (D:2)
  7 bats
  5 giant newts
  7 rats
81 creatures vanquished.

Notes
Turn   | Place    | Note
--------------------------------------------------------------
     0 | D:1      | tp1 the Deep Elf Conjurer began the quest for the Orb.
     0 | D:1      | Reached XP level 1. HP: 10/10 MP: 6/6
   132 | D:1      | Reached XP level 2. HP: 15/15 MP: 5/8
   217 | D:1      | Learned a level 2 spell: Searing Ray
   827 | D:2      | Noticed Terence
   843 | D:2      | Noticed Ijyb
   855 | D:2      | Killed Ijyb
   855 | D:2      | Reached skill level 5 in Spellcasting
   855 | D:2      | Reached XP level 3. HP: 13/19 MP: 1/12
  1094 | D:2      | Reached XP level 4. HP: 22/24 MP: 5/13
  1095 | D:2      | Noticed Natasha
  1104 | D:1      | Killed Natasha
  1104 | D:1      | Reached skill level 6 in Spellcasting
  1284 | D:2      | HP: 1/24 [Terence/trident (8)]
  1297 | D:2      | Killed Terence
  1297 | D:2      | Reached skill level 5 in Conjurations
  1481 | D:2      | Reached XP level 5. HP: 28/28 MP: 12/15
  1488 | D:2      | Learned a level 5 spell: Iskenderun's Battlesphere
  1515 | D:2      | Noticed Sigmund
  1524 | D:2      | Killed Sigmund
  1524 | D:2      | Reached skill level 5 in Charms
  1524 | D:2      | Reached XP level 6. HP: 32/32 MP: 7/17
  1903 | D:3      | Found a radiant altar of Vehumet.
  1930 | D:3      | Became a worshipper of Vehumet
  2379 | D:3      | Found a burning altar of Makhleb.
  2486 | D:4      | Noticed Grinder
  2663 | D:4      | Noticed Duvessa
  2667 | D:4      | Noticed Dowan
  2678 | D:4      | Slain by Duvessa

Action                   |  1- 3 |  4- 6 || total
-------------------------+-------+-------++-------
Melee: Whip              |    12 |     4 ||    16
       Dagger            |       |     2 ||     2
 Cast: Magic Dart        |    60 |    65 ||   125
       Searing Ray       |     1 |    14 ||    15
       Iskenderun's Batt |       |     2 ||     2
  Use: Scroll            |     2 |       ||     2
       Potion            |       |     3 ||     3
  Eat: Chunk             |       |     5 ||     5
